 Dungeon Crawl Stone Soup version 0.25-a0-578-gc91f01c39c (webtiles) character file.

Game seed: 5746669648059618401, levelgen mode: deterministic

559 ipx the Cleaver (level 7, 61/61 HPs)
             Began as a Hill Orc Fighter on Mar 5, 2020.
             Got out of the dungeon alive.
             The game lasted 00:17:22 (1518 turns).

ipx the Cleaver (Hill Orc Fighter)                  Turns: 1518, Time: 00:17:23

Health: 61/61      AC:  6    Str: 21    XL:     7   Next: 31%
Magic:  17/17      EV:  7    Int: 15    God:
Gold:   119        SH:  9    Dex: 10    Spells: 6/6 levels left

rFire    . . .     SeeInvis +   m - +6 hunting sling of Strategic Superiority {flame, Fragile rPois Int+7 Stlth+}
rCold    . . .     Gourm    .   c - +0 kite shield
rNeg     . . .     Faith    .   b - +0 scale mail
rPois    +         Spirit   .   (no helmet)
rElec    .         Reflect  .   (no cloak)
rCorr    .         Harm     .   (no gloves)
MR       .....                  (no boots)
Stlth    +.........             (no amulet)
HPRegen  0.20/turn              v - ring of see invisible
MPRegen  0.15/turn              o - ring of magical power

@: no status effects
A: no striking features
a: no special abilities


You escaped.
You were not hungry.

You visited 1 branch of the dungeon, and saw 5 of its levels.

You collected 119 gold pieces.

Inventory:

Hand Weapons
 a - a +0 war axe
 m - the +6 hunting sling of Strategic Superiority (weapon) {flame, Fragile rPois Int+7 Stlth+}
   (You found it on level 4 of the Dungeon)

   It causes projectiles fired from it to burn those they strike, causing extra
   injury to most foes and up to half again as much damage against particularly
   susceptible opponents.
   It affects your intelligence (+7).
   It protects you from poison.
   It will be destroyed if unequipped.
   It makes you more stealthy.
Missiles
 d - 6 atropa-tipped darts (quivered)
Armour
 b - a +0 scale mail (worn)
 c - a +0 kite shield (worn)
Jewellery
 o - a ring of magical power (right hand)
 v - a ring of see invisible (left hand)
Wands
 p - a wand of iceblast (7)
 q - a wand of polymorph (5)
Scrolls
 g - 2 scrolls of remove curse
 i - a scroll of teleportation
 l - a scroll of amnesia
 n - a scroll of random uselessness
Potions
 e - a potion of heal wounds {unknown}
 h - a potion of brilliance {unknown}
 j - a potion of haste {unknown}
 k - a potion of curing {unknown}
Comestibles
 f - 5 rations


   Skills:
 + Level 5.0 Fighting
 + Level 8.2 Axes
 - Level 3.2 Armour
 + Level 4.0 Shields
 + Level 2.6 Evocations


You had 6 spell levels left.
You didn't know any spells.
Your spell library was empty.

Dungeon Overview and Level Annotations

Branches:
Dungeon (5/15)
 Temple: D:4-7

Altars:

Shops:
D:4 =


Message History

Things that are here:
a frilled lizard skeleton; a jackal skeleton You open the door.
There is an open door here.
You see here a short sword.
There is an open door here.
You see here a ring mail.
You see here 24 stones.
You see here a +0 club.
You are feeling very hungry.
You eat one of the 6 rations.
That ration really hit the spot!
(D) Dungeon
Where to? (Enter - D:1, ? - help)
There is a stone staircase leading up here.
You climb upwards.
There is a stone staircase leading down here.
You see here 20 stones.
There is a staircase leading out of the dungeon here.
Are you sure you want to leave the Dungeon?
This will make you lose the game!
You have escaped! .....# ...... ♣♣♣♣♣♣♣♣♣ .....# ♣.......♣ #.#### ♣.PPPPP.♣

#.######.♣.P≈≈≈P.♣#####
......#..♣.P≈8≈P.♣....#
.........♣.P≈≈≈P......#
......##.♣.PPPP.♣♣....#
.........♣......@♣....#
.........♣♣♣♣♣♣♣♣♣....#
.............#.##...###
.............#.#..#.#
.............(...##.#
...........##.#..# .###
................[# ...#
#....#..####.....####.######
#......## #................#


There were no monsters in sight!

Vanquished Creatures
  A phantom (D:5)
  A centaur (D:3)
  A bullfrog (D:5)
  2 orc priests (D:4)
  2 orc wizards
  A bullfrog skeleton (D:4)
  An iguana (D:4)
  A worker ant (D:5)
  A worker ant zombie (D:3)
  3 gnolls (D:5)
  An adder (D:2)
  An ooze (D:5)
  3 worms
  2 dart slugs
  12 orcs
  2 ball pythons
  3 giant cockroaches
  A goblin (D:3)
  4 hobgoblins
  9 jackals
  2 quokkas (D:2)
  6 bats
  4 frilled lizards
  A kobold (D:2)
  3 rats
  A plant (D:1)
69 creatures vanquished.

Notes
Turn   | Place    | Note
-------+----------+-------------------------------------------
     0 | D:1      | ipx the Hill Orc Fighter began the quest for the Orb.
     0 | D:1      | Reached XP level 1. HP: 19/19 MP: 1/1
    52 | D:1      | Reached skill level 3 in Axes
   223 | D:1      | Reached XP level 2. HP: 26/26 MP: 2/2
   268 | D:1      | Reached skill level 4 in Axes
   387 | D:2      | Reached XP level 3. HP: 29/31 MP: 3/3
   408 | D:2      | Reached skill level 5 in Axes
   629 | D:3      | Reached XP level 4. HP: 20/39 MP: 4/4
   635 | D:3      | Noticed a centaur
   646 | D:3      | Killed a centaur
   646 | D:3      | Reached skill level 7 in Axes
   646 | D:3      | Reached XP level 5. HP: 24/45 MP: 5/5
   960 | D:4      | Reached XP level 6. HP: 35/52 MP: 6/6
   970 | D:4      | Noticed a black bear
   970 | D:4      | an ogre changed into a black bear
   977 | D:5      | Entered Level 5 of the Dungeon
   983 | D:5      | Reached skill level 1 in Evocations
  1064 | D:5      | Noticed a phantom
  1130 | D:5      | Killed a phantom
  1144 | D:5      | Reached skill level 8 in Axes
  1144 | D:5      | Reached XP level 7. HP: 28/60 MP: 8/8
  1261 | D:4      | Found Jiluit's Jewellery Emporium.
  1286 | D:4      | Reached skill level 5 in Fighting
  1336 | D:4      | Got a crystal hunting sling
  1337 | D:4      | Identified the +6 hunting sling of Strategic Superiority
                  | {flame, Fragile rPois Int+7 Stlth+} (You found it on level
                  | 4 of the Dungeon)
  1518 | D:$      | Got out of the dungeon alive.

Levels and vault maps discovered:
D:1:      tarquinn_simple_flora_water_a, layout_rooms
D:2:      layout_basic, first_ration
D:3:      kennysheep_the_goblin_king, layout_basic, st_stairs_9
D:4:      layout_loops_ring, serial_shops, kennysheep_mini_moat
D:5:      layout_loops_ring, lemuel_blue_sif_altar, marbit_many_paths,
          uniq_ijyb, uniq_edmund, uniq_crazy_yiuf_cottage

Skill      XL: |  1  2  3  4  5  6  7 |
---------------+----------------------+-----
Axes           | 3 4 5 7 8 |  8.2
Fighting       | 4 5 |  5.0
Evocations     | 2 |  2.6
Shields        | 4 |  4.0
Armour         | |  3.2

Action                   |  1- 3 |  4- 6 |  7- 9 || total
-------------------------+-------+-------+-------++-------
Melee: War axe           |   139 |    74 |    29 ||   242
Throw: Dart              |       |     5 |       ||     5
       Boomerang         |       |     1 |       ||     1
Evoke: Wand              |       |     5 |       ||     5
  Use: Potion            |     1 |     2 |       ||     3
       Scroll            |       |     4 |       ||     4
 Stab: Invisible         |       |     1 |       ||     1
  Eat: Chunk             |       |     2 |       ||     2
       Ration            |       |       |     1 ||     1
Armor: Scale mail        |    60 |    14 |     8 ||    82
       Skin              |       |    12 |       ||    12
Dodge: Dodged            |    45 |    17 |     7 ||    69
Block: Kite shield       |    62 |    25 |    12 ||    99

Table legend:
 A = Non-vault XP
 B = Vault XP
 C = Vault XP percentage of total XP
 D = Non-vault monster count
 E = Vault monster count
 F = Vault count percentage of total count
                 A         B        C        D         E       F
            +---------+---------+-------+---------+---------+-------
      Total |     665 |     134 |  16.8 |      65 |       3 |   4.4
            +---------+---------+-------+---------+---------+-------
        D:1 |      22 |       0 |   0.0 |      14 |       0 |   0.0
        D:2 |      46 |       0 |   0.0 |      17 |       0 |   0.0
        D:3 |      70 |     134 |  65.7 |      11 |       3 |  21.4
        D:4 |     234 |       0 |   0.0 |      16 |       0 |   0.0
        D:5 |     293 |       0 |   0.0 |       7 |       0 |   0.0
            +---------+---------+-------+---------+---------+-------
